[Event "*** Titled Tuesday Blitz"]
[Site "Chess.com"]
[Date "2021.03.16"]
[Round "1"]
[White "KuzubovYuriy"]
[Black "HackingKid98"]
[Result "1-0"]
[WhiteElo "2862"]
[BlackElo "2457"]
[TimeControl "180+1"]
[EndTime "10:05:37 PDT"]
[Termination "KuzubovYuriy won on time"]

1. d4 Nf6 2. Nf3 d5 3. c4 c6 4.
Nc3 e6 5. e3 Nbd7 6. Be2 dxc4 7.
Bxc4 b5 8. Be2 Bd6 9. O-O O-O 10.
Bd2 Bb7 11. Rc1 a6 12. e4 e5 13. Bg5 Qe7 14. dxe5 Nxe5 15. Nxe5 Bxe5 16. f4 Bxc3 17. Rxc3 Qxe4 18. Bxf6 gxf6 19. Rg3+ Kh8 20. Bd3 Qd4+ 21. Kh1 c5 22. Qh5 Be4 23. Bxe4 Qxe4 24. Qh6 Qg6 25.
Rxg6 fxg6 26. f5 g5 27. Re1 Rad8 28. h4 1-0

[Event "*** Titled Tuesday Blitz"]
[Site "Chess.com"]
[Date "2021.03.16"]
[Round "1"]
[White "kubal123"]
[Black "MoonlighT89"]
[Result "0-1"]
[WhiteElo "2261"]
[BlackElo "2607"]
[TimeControl "180+1"]
[EndTime "10:05:40 PDT"]
[Termination "MoonlighT89 won on time"]

1. e4 c5 2. Nf3 e6 3. d4 cxd4 4. Nxd4 Nc6 5. Nc3 Qc7 6. Be3 a6 7. Qd2 Nf6 8. O-O-O Be7 9. f3 b5 10. Kb1 Nxd4 11. Bxd4 Bb7 12. g4 Rc8 13. h4 O-O 14. h5 e5 15. Be3 d5 16. Nxd5 Bxd5 17. exd5 Nxd5 18. Bd3 Rfd8 19. Bf2 Nb4 0-1

[Event "*** Titled Tuesday Blitz"]
[Site "Chess.com"]
[Date "2021.03.16"]
[Round "1"]
[White "profofchess"]
[Black "platy3"]
[Result "0-1"]
[WhiteElo "2431"]
[BlackElo "2809"]
[TimeControl "180+1"]
[EndTime "10:05:44 PDT"]
[Termination "platy3 won by resignation"]

1. e4 c5 2. Nf3 e6 3. c3 Nf6 4. Bd3 d5 5. e5 Nfd7 6. Bc2 d4 7.
O-O Nc6 8. Ba4 Qc7 9. Re1 g5 10. h3 Rg8 11. cxd4 cxd4 12. d3 g4 13. hxg4 Rxg4 14.
Nbd2 Nc5 15. Bxc6+ Qxc6 16. Nf1 b6 17. N1h2 Rg8 18.
b4 Nd7 19. Re4 Bb7 20. Nxd4 Qd5 21. Bd2 a5 22. bxa5 Nc5 23. Rg4 Rxg4 24. Qxg4 h5 25. Nb5 hxg4 26. Nc7+ Kd8 27. Nxd5 Bxd5 28. Nxg4 bxa5 29.
d4 Ne4 30. Be3 Bb4 31. Rc1 Nc3 32. Rc2 Bxa2 33. Nf6 Bb3 34. Rb2 a4 35. g4 Nd5 36. Nxd5 exd5 37. Bg5+ Kd7 38. Rb1 Bc3 39. Bc1 Bxd4 0-1

[Event "*** Titled Tuesday Blitz"]
[Site "Chess.com"]
[Date "2021.03.16"]
[Round "1"]
[White "IAgrest"]
[Black "1800_strength"]
[Result "1-0"]
[WhiteElo "2299"]
[BlackElo "2589"]
[TimeControl "180+1"]
[EndTime "10:05:44 PDT"]
[Termination "IAgrest won by resignation"]

1. e4 d5 2. exd5 Qxd5 3. Nc3 Qe5+ 4. Be2 Bg4 5. d4 Bxe2 6. Ngxe2 Qd6 7. O-O Nf6 8. Bf4 Qd7 9. Re1 g6 10. Qd2 Bg7 11.
Bh6 O-O 12. Rad1 Na6 13. h3 Rad8 14. Qe3 Rfe8 15. Bxg7 Kxg7 16. Nf4 Nb4 17. Re2 c6 18. Qg3 Qf5 19. Rdd2 g5 20. Re5 Qxe5 21. dxe5 Rxd2 22. Qxg5+ Kh8 23. exf6 Rg8 24. Ng6+ Rxg6 25. Qxd2 Rxf6 26.
a3 Na6 27. Qd8+ Kg7 28. Qxe7 b6 29. Qxa7 Nc5 30. Qxb6 Nd7 31. Qc7 Nf8 32. Ne4 Ne6 1-0

[Event "*** Titled Tuesday Blitz"]
[Site "Chess.com"]
[Date "2021.03.16"]
[Round "1"]
[White "Msb2"]
[Black "Bodnar_Mykola"]
[Result "1-0"]
[WhiteElo "2914"]
[BlackElo "2475"]
[TimeControl "180+1"]
[EndTime "10:05:46 PDT"]
[Termination "Msb2 won by resignation"]

1. d4 Nf6 2. Nf3 b6 3. e3 Bb7 4. Bd3 g6 5. O-O Bg7 6. c4 e6 7. Nc3 c5 8. e4 cxd4 9. Nxd4 O-O 10. Bg5 h6 11. Be3 Nc6 12. Ndb5 d5 13. cxd5 exd5 14.
exd5 Nxd5 15. Nxd5 Qxd5 16. Nc7 Qe5 17. Nxa8 Bxa8 18.
Qa4 Qxb2 19. Rac1 Nb4 20. Rb1 Qc3 21. Rb3 Qxd3 22. Rxd3 Nxd3 23. Qxa7 b5 24. Rd1 Be4 25. f3 Bf5 26. g4 Nb2 27. Rd5 Bd3 28. Bd4 Bc4 29.
Bxg7 Kxg7 30. Rd2 Na4 31. Kf2 Re8 32. h4 Kg8 33. Kg3 Nc3 34. Qd7 Ne2+ 35. Kf2 Re6 36.
Qc8+ Kg7 37. Rd8 Nf4 38. Rg8+ Kf6 39. Qd8+ Ke5 40. Qc7+ Rd6 41. Rd8 Nd3+ 42. Kg3 1-0

[Event "*** Titled Tuesday Blitz"]
[Site "Chess.com"]
[Date "2021.03.16"]
[Round "1"]
[White "jefferyx"]
[Black "crazy_but_lazy"]
[Result "1-0"]
[WhiteElo "3006"]
[BlackElo "2494"]
[TimeControl "180+1"]
[EndTime "10:05:49 PDT"]
[Termination "jefferyx won by resignation"]

1. d4 d5 2. c4 e5 3. dxe5 Ne7 4. Nf3 Nbc6 5. Bg5 dxc4 6. Qxd8+ Nxd8 7. Na3 c3 8. bxc3 Bd7 9. e4 Ng6 10. Nb5 Ne6 11.
Be3 a6 12. Nbd4 O-O-O 13. Bc4 Ba3 14. Rb1 Rhe8 15. O-O h6 16. Rb3 Bf8 17. Rfb1 b5 18.
Bd5 c5 19. Nc6 Bxc6 20. Bxc6 Re7 21. a4 c4 22. R3b2 Rc7 23. axb5 axb5 24. Bxb5 Bc5 25.
Bxc5 Nxc5 26. Bxc4 Nxe4 27. Rb8+ Kd7 28. Rd1+ 1-0

[Event "*** Titled Tuesday Blitz"]
[Site "Chess.com"]
[Date "2021.03.16"]
[Round "1"]
[White "Fischerev7"]
[Black "KazakhFighter04"]
[Result "0-1"]
[WhiteElo "2402"]
[BlackElo "2751"]
[TimeControl "180+1"]
[EndTime "10:05:50 PDT"]
[Termination "KazakhFighter04 won by resignation"]

1. e4 g6 2. d4 Nf6 3. Bd3 Nc6 4. Nf3 d6 5. h3 Bg7 6. O-O O-O 7. c4 e5 8. d5 Ne7 9. Nc3 Nh5 10. Be3 h6 11.
Qd2 g5 12. b4 a5 13. a3 Nf4 14.
c5 Neg6 15. Rac1 Bxh3 16. gxh3 Qd7 17. Bxf4 Nxf4 18. Ne2 Qxh3 19. Nxf4 exf4 20. Nh2 f3 21. Nxf3 Qg4+ 22. Kh2 Qxf3 23. Rh1 Be5+ 24. Kg1 axb4 25. axb4 Ra3 26. Rd1 Kg7 27. Qe2 Qxe2 28. Bxe2 Rb3 29.
cxd6 cxd6 30. b5 f5 31. exf5 Rxf5 32. Rc1 Bd4 33. Rh2 Bc5 34. Bg4 Rf4 35. Be6 Rb2 36.
Rf1 Rxb5 37. Re1 Rb2 0-1

[Event "*** Titled Tuesday Blitz"]
[Site "Chess.com"]
[Date "2021.03.16"]
[Round "1"]
[White "IwkooO"]
[Black "ellennilssen"]
[Result "1-0"]
[WhiteElo "2615"]
[BlackElo "2286"]
[TimeControl "180+1"]
[EndTime "10:05:50 PDT"]
[Termination "IwkooO won by resignation"]

1. e4 e5 2. Nf3 Nf6 3. Nc3 Bc5 4.
Nxe5 Nc6 5. Nxc6 dxc6 6. Be2 h5 7. h3 Qd4 8. O-O Ng4 9. hxg4 hxg4 10. g3 Qe5 11.
Kg2 Be6 12. d3 g5 13. Bxg4 O-O-O 14. Be3 Bxe3 15. fxe3 f5 16. Bxf5 g4 17. Qxg4 Bd7 18. Bxd7+ Rxd7 19. Rf7 Rd8 20. Raf1 Kb8 21. Qxd7 1-0

[Event "*** Titled Tuesday Blitz"]
[Site "Chess.com"]
[Date "2021.03.16"]
[Round "1"]
[White "RamyresCoelho"]
[Black "Grieve72"]
[Result "0-1"]
[WhiteElo "2075"]
[BlackElo "2502"]
[TimeControl "180+1"]
[EndTime "10:05:50 PDT"]
[Termination "Grieve72 won by checkmate"]

1. e4 c5 2. Nf3 e6 3. Nc3 Nc6 4.
g3 d5 5. exd5 exd5 6. Bg2 Nf6 7.
d4 cxd4 8. Nxd4 Bg4 9. f3 Bd7 10.
O-O Be7 11. Nxc6 bxc6 12. Be3 O-O 13. Kh1 c5 14. Nxd5 Nxd5 15. Qxd5 Qc7 16. f4 Rab8 17. b3 Rfd8 18. Rad1 Bg4 19. Qe5 Bd6 20. Rxd6 Qxd6 21. Qxd6 Rxd6 22. Bxc5 Rd2 23. Bxa7 Re8 24. c4 Ree2 25.
Rg1 Bf3 26. Bxf3 Rxh2# 0-1

[Event "*** Titled Tuesday Blitz"]
[Site "Chess.com"]
[Date "2021.03.16"]
[Round "1"]
[White "zverr1"]
[Black "ChristopherYoo"]
[Result "0-1"]
[WhiteElo "2472"]
[BlackElo "2909"]
[TimeControl "180+1"]
[EndTime "10:05:54 PDT"]
[Termination "ChristopherYoo won by checkmate"]

1. d4 Nf6 2. c4 e6 3. Nc3 d5 4. Nf3 dxc4 5. e4 Bb4 6. Bxc4 Nxe4 7. O-O Nxc3 8. bxc3 Be7 9. Ne5 Nd7 10. Bf4 Nxe5 11. Bxe5 Bf6 12. Qa4+ Bd7 13. Qb4 Bxe5 14. dxe5 Bc6 15.
Rad1 Qe7 16. Qb1 Qc5 17. Bd3 Qxe5 18. Qb4 a5 19. Qh4 Qf6 20. Qg3 O-O 21. Qxc7 Qxc3 22.
Qg3 Qf6 23. Rb1 Rac8 24. h4 Rfd8 25. Rfe1 Rd4 26. Re3 Qxh4 27. Qe5 Rd5 28. Qc3 Rg5 29.
Be4 Rh5 30. g3 Qh1+ 31. Bxh1 Rxh1# 0-1

[Event "*** Titled Tuesday Blitz"]
[Site "Chess.com"]
[Date "2021.03.16"]
[Round "1"]
[White "JimmmyZhang"]
[Black "Maddie"]
[Result "1-0"]
[WhiteElo "2502"]
[BlackElo "2073"]
[TimeControl "180+1"]
[EndTime "10:05:57 PDT"]
[Termination "JimmmyZhang won by resignation"]

1. d4 d5 2. Nf3 Nf6 3. Bf4 c6 4. e3 Bg4 5. Nbd2 e6 6. h3 Bh5 7.
g4 Bg6 8. Ne5 Bd6 9. h4 Be4 10.
f3 Bxe5 11. dxe5 Nxg4 12. fxe4 h5 13. Be2 Nh6 14. Bxh5 Nd7 15. Qf3 dxe4 16. Nxe4 Qa5+ 17. c3 Nf5 18. Bg4 Nxe5 19. Bxe5 Qxe5 20. Bxf5 exf5 21. Qxf5 Qxf5 22. Nd6+ Kd7 23. Nxf5 g6 24. O-O-O+ Ke6 25. Nd4+ Ke5 26. Rhf1 f6 27. Rf4 f5 28. Nf3+ Kf6 29. e4 Rae8 30. exf5 gxf5 31. Nd4 Rh5 32. Rdf1 Re5 33.
Kc2 Re2+ 34. Nxe2 1-0

[Event "*** Titled Tuesday Blitz"]
[Site "Chess.com"]
[Date "2021.03.16"]
[Round "1"]
[White "SilviusTiberius"]
[Black "PawnEatingZombie"]
[Result "1-0"]
[WhiteElo "2539"]
[BlackElo "2197"]
[TimeControl "180+1"]
[EndTime "10:06:03 PDT"]
[Termination "SilviusTiberius won on time"]

1. e4 c6 2. d4 d5 3. exd5 cxd5 4.
Bd3 Nc6 5. c3 Qc7 6. Ne2 Bg4 7.
O-O e6 8. Qe1 Nf6 9. Bg5 Bd6 10.
f3 Bh5 11. Qh4 Bg6 12. Bxg6 fxg6 13. Bxf6 gxf6 14. Qxf6 Bxh2+ 15. Kh1 Kd7 16. f4 Raf8 17. Qg7+ Ne7 18. Kxh2 Qb6 19. Nd2 Rhg8 20. Qe5 Rf5 21. Qe3 g5 22. Nf3 gxf4 23. Ne5+ Kc8 24. Rxf4 Rh5+ 25. Kg1 Rhg5 26. Rf2 Qxb2 27. Raf1 Nf5 28. Qh3 Qxa2 29. Nf4 Qb3 30. Nxe6 Ng3 31. Rf8+ 1-0

[Event "*** Titled Tuesday Blitz"]
[Site "Chess.com"]
[Date "2021.03.16"]
[Round "1"]
[White "SameerMujumdar"]
[Black "Ranindu2003"]
[Result "1-0"]
[WhiteElo "2300"]
[BlackElo "2599"]
[TimeControl "180+1"]
[EndTime "10:06:05 PDT"]
[Termination "SameerMujumdar won by resignation"]

1. d4 d5 2. c4 e6 3. Nc3 a6 4.
cxd5 exd5 5. Nf3 h6 6. Bf4 Nf6 7.
e3 Bd6 8. Bxd6 Qxd6 9. Bd3 O-O 10. h3 Re8 11. Qc2 Be6 12. O-O Nbd7 13. Rac1 Rac8 14.
Na4 Ne4 15. Nc5 Ndxc5 16. dxc5 Qd7 17. c6 bxc6 18. Qxc6 Qe7 19. Bxa6 Ra8 20. Bb5 Rxa2 21. Qxe8+ Qxe8 22. Bxe8 Rxb2 23. Rxc7 g5 24. Nd4 h5 25. Nxe6 fxe6 26. Bf7+ Kg7 27. Bxe6+ Kf6 28. Bxd5 Nd6 29. Bf3 Rb4 30. Rc6 Ke7 31. Rd1 Nb5 32. Rb6 g4 33. hxg4 hxg4 34. Be2 1-0

[Event "*** Titled Tuesday Blitz"]
[Site "Chess.com"]
[Date "2021.03.16"]
[Round "1"]
[White "PattyCastillo"]
[Black "bait_or_mate"]
[Result "0-1"]
[WhiteElo "2029"]
[BlackElo "2501"]
[TimeControl "180+1"]
[EndTime "10:06:05 PDT"]
[Termination "bait_or_mate won by resignation"]

1. d4 Nf6 2. Nf3 d5 3. e3 c6 4. Bd3 Bg4 5. Nbd2 Nbd7 6. O-O e6 7. b3 Bd6 8. Bb2 O-O 9. Qb1 Re8 10. Ne5 Bh5 11. c4 Bg6 12. f4 c5 13. Qc2 Rc8 14. Rac1 Qe7 15. Qb1 Red8 16. Ndf3 Bxd3 17. Qxd3 Ne4 18.
Nxd7 Rxd7 19. cxd5 exd5 20. Ne5 Bxe5 21. fxe5 Rc6 22.
Ba3 b6 23. Rf3 Qe6 24. Rcf1 Qg4 25. Bc1 Rg6 26. Qe2 Ng5 27. Rg3 Qxe2 0-1

[Event "*** Titled Tuesday Blitz"]
[Site "Chess.com"]
[Date "2021.03.16"]
[Round "1"]
[White "aljado"]
[Black "SaqoChess_Twitch"]
[Result "1/2-1/2"]
[WhiteElo "2129"]
[BlackElo "2504"]
[TimeControl "180+1"]
[EndTime "10:06:09 PDT"]
[Termination "Game drawn by repetition"]

1. e4 c5 2. Nf3 d6 3. c3 Nf6 4. e5 dxe5 5. Nxe5 e6 6. d4 cxd4 7. cxd4 Bd6 8. Nc3 O-O 9. Bg5 Nbd7 10.
Ng4 Be7 11. Nxf6+ Nxf6 12. Bd3 h6 13. Bh4 Bd7 14. O-O Bc6 15. Bg3 Nd5 16. Ne4 Nf6 17. Nc3 Rc8 18. Be5 a6 19. Qe2 b5 20. Rfd1 Bb7 21. a3 Nd5 22. Ne4 Nf6 23. Ng3 Qd5 24. f3 Rfd8 25. Ne4 Nxe4 26. fxe4 Qd7 27.
Qg4 f6 28. Bg3 Qxd4+ 29. Kh1 Qb6 30. Bf4 e5 31. Bxh6 Bf8 32. b4 f5 33. exf5 Qxh6 34. f6 Qxf6 35. Rf1 Qc6 36. Bf5 Rd2 37. Be6+ Qxe6 38.
Qxe6+ Kh8 39. Qh3+ Kg8 40. Qe6+ Kh7 41. Qh3+ Kg8 42. Qe6+ 1/2-1/2

[Event "*** Titled Tuesday Blitz"]
[Site "Chess.com"]
[Date "2021.03.16"]
[Round "1"]
[White "Treacherous_horse64"]
[Black "cukin84"]
[Result "1-0"]
[WhiteElo "2510"]
[BlackElo "2104"]
[TimeControl "180+1"]
[EndTime "10:06:09 PDT"]
[Termination "Treacherous_horse64 won by resignation"]

1. d4 f5 2. Nc3 d6 3. e4 fxe4 4. Nxe4 Nf6 5. Bd3 Nxe4 6. Bxe4 c6 7. Qh5+ Kd7 8. Nf3 Kc7 9. O-O Nd7 10. Bd3 Nf6 11. Qh4 h6 12. c4 Bd7 13. Re1 g5 14. Nxg5 Rg8 15. Nf7 Qc8 16. Bf4 Rg4 17. Bxd6+ exd6 18.
Qxf6 Be8 19. Bf5 Bd7 20. Bxg4 Bxg4 21. c5 b6 22. Nxd6 Qd8 23. Qf7+ Qd7 24. Qf4 Bxd6 25.
cxd6+ Kc8 26. Re7 Qf5 27. d7+ 1-0

[Event "*** Titled Tuesday Blitz"]
[Site "Chess.com"]
[Date "2021.03.16"]
[Round "1"]
[White "Sanyura"]
[Black "Pantata007"]
[Result "1-0"]
[WhiteElo "2638"]
[BlackElo "2326"]
[TimeControl "180+1"]
[EndTime "10:06:10 PDT"]
[Termination "Sanyura won on time"]

1. e4 e5 2. Nf3 Nc6 3. Bb5 a6 4. Ba4 Nf6 5. O-O Be7 6. Re1 b5 7. Bb3 O-O 8. h3 Bb7 9. d4 Nxd4 10. Nxd4 exd4 11. e5 Ne4 12. Qg4 d5 13. exd6 Nxd6 14. Bh6 Bf6 15. Nd2 c5 16. c3 dxc3 17. bxc3 c4 18. Bc2 Bxc3 19. Rad1 Kh8 20. Bg5 Qb6 21. Qh4 g6 22. Nf3 Bxe1 23. Bf6+ Kg8 24. Qh6 Ne8 25.
Be7 Qxf2+ 26. Kh1 Nc7 27. Rxe1 1-0

[Event "*** Titled Tuesday Blitz"]
[Site "Chess.com"]
[Date "2021.03.16"]
[Round "1"]
[White "Nesty_Javi_Chess"]
[Black "Schachmalanders"]
[Result "1-0"]
[WhiteElo "2633"]
[BlackElo "2303"]
[TimeControl "180+1"]
[EndTime "10:06:11 PDT"]
[Termination "Nesty_Javi_Chess won by resignation"]

1. e4 c5 2. Nf3 d6 3. d4 cxd4 4. Nxd4 Nf6 5. Nc3 e6 6. Bc4 Nbd7 7. Bb3 Nc5 8. Bg5 Be7 9. Qe2 O-O 10. f4 h6 11.
Bxf6 Bxf6 12. O-O-O a6 13. Kb1 Qc7 14. Rhe1 b5 15.
g4 b4 16. Na4 Bb7 17. g5 hxg5 18. e5 dxe5 19. fxe5 Be7 20. h4 Nxb3 21. axb3 Rfd8 22. hxg5 Rd7 23. g6 fxg6 24. Nxe6 Qc6 25. Nd4 Qg2 26. Qxg2 Bxg2 27. Nb6 Rad8 28. Nxd7 Rxd7 29. Ne6 Rxd1+ 30. Rxd1 g5 31. Rg1 Bd5 32. Nxg5 a5 33. Rd1 Bg2 34. Ne6 Bf3 35. Rg1 Kf7 36. Nxg7 Bc5 37. Rf1 1-0

[Event "*** Titled Tuesday Blitz"]
[Site "Chess.com"]
[Date "2021.03.16"]
[Round "1"]
[White "AvitalBor"]
[Black "ChelsieMonica"]
[Result "1-0"]
[WhiteElo "2650"]
[BlackElo "2343"]
[TimeControl "180+1"]
[EndTime "10:06:12 PDT"]
[Termination "AvitalBor won by resignation"]

1. c4 Nf6 2. Nc3 e5 3. Nf3 Nc6 4. e3 d6 5. d4 Be7 6. Be2 exd4 7.
Nxd4 O-O 8. Nxc6 bxc6 9. O-O d5 10. Bf3 Be6 11. Qc2 Qc8 12. Rd1 Rd8 13. b3 a5 14.
Na4 Ne4 15. Bb2 f5 16. cxd5 cxd5 17. Rac1 Ra7 18. Bd4 Rb7 19. Nc5 Bxc5 20. Bxc5 Rd7 21. Qb2 a4 22. b4 Qb8 23. a3 Rb5 24. Qd4 c6 25. Be2 Rbb7 26. Ba6 Nxc5 27. Rxc5 Rb6 28. Be2 g5 29. Rdc1 Qd6 30. Ra5 Rb8 31. Rxa4 f4 32. Ra6 Rc7 33. exf4 gxf4 34. Bf3 Rbc8 35. h3 Qd7 36.
Qxf4 Rf8 37. Qg3+ Kh8 38. b5 d4 39. Raxc6 Rxc6 40. bxc6 Qe7 41. c7 Bc8 42. Bg4 d3 43.
Qxd3 Bb7 44. Qd4+ Kg8 45. c8=Q Bxc8 46. Bxc8 1-0

[Event "*** Titled Tuesday Blitz"]
[Site "Chess.com"]
[Date "2021.03.16"]
[Round "1"]
[White "Vasily85"]
[Black "Gabix_94"]
[Result "0-1"]
[WhiteElo "2420"]
[BlackElo "2802"]
[TimeControl "180+1"]
[EndTime "10:06:14 PDT"]
[Termination "Gabix_94 won by checkmate"]

1. d4 Nf6 2. Bg5 Ne4 3. Bf4 d5 4. e3 c5 5. Bd3 Nf6 6. c3 Nc6 7. Nd2 Bg4 8. Ngf3 e6 9. O-O cxd4 10. exd4 Bd6 11. Bxd6 Qxd6 12. Qb3 O-O 13. Rfe1 Nd7 14. h3 Bh5 15. Rac1 Rab8 16. Qc2 Bg6 17. Bxg6 hxg6 18. Nf1 b5 19. a3 a5 20. b4 Rfc8 21. Qb2 Nb6 22.
N1d2 Na4 23. Qb3 axb4 24. axb4 Ne7 25. Red1 Nb6 26. Ne1 Nc4 27. Nd3 Ra8 28. Qc2 Ra3 29. Ra1 Rca8 30. Rxa3 Rxa3 31. Nc5 Nf5 32. Nxc4 dxc4 33.
Qb2 Ra8 34. Ra1 Re8 35. Ra6 Qd5 36. Rb6 e5 37. dxe5 Rxe5 38. Rxb5 Re1+ 39. Kh2 Nh4 40. f4 Qd1 41. Qf2 Rh1+ 42. Kg3 Nf5# 0-1

[Event "*** Titled Tuesday Blitz"]
[Site "Chess.com"]
[Date "2021.03.16"]
[Round "1"]
[White "aa175"]
[Black "tgpgoat"]
[Result "1-0"]
[WhiteElo "2566"]
[BlackElo "2236"]
[TimeControl "180+1"]
[EndTime "10:06:14 PDT"]
[Termination "aa175 won by resignation"]

1. d4 Nf6 2. Nf3 c5 3. e3 cxd4 4. exd4 d5 5. Bd3 e6 6. O-O Bd6 7.
Ne5 O-O 8. f4 Nc6 9. c3 Ne4 10.
Nd2 f5 11. Nxe4 fxe4 12. Bb5 Nxe5 13. fxe5 Bc7 14. Rxf8+ Qxf8 15. Be3 a6 16. Be2 Bd7 17. Qb3 b5 18. Rf1 Qe7 19. a4 bxa4 20. Qb7 Qd8 21. c4 Rb8 22. Qxa6 Rxb2 23. cxd5 Bc8 24. Qc4 exd5 25.
Bg5 dxc4 26. Bxc4+ Kh8 27. Bxd8 h6 28. Bxc7 Kh7 29.
e6 Rc2 30. e7 Bd7 31. Be6 Bb5 32. Bd6 e3 33. Bf5+ g6 34. Bxc2 e2 35. Rf7+ Kg8 36. Rf8+ Kg7 37. e8=N+ Bxe8 38. Rxe8 1-0

[Event "*** Titled Tuesday Blitz"]
[Site "Chess.com"]
[Date "2021.03.16"]
[Round "1"]
[White "PaulfromSPb"]
[Black "ErikRonka"]
[Result "1-0"]
[WhiteElo "2811"]
[BlackElo "2431"]
[TimeControl "180+1"]
[EndTime "10:06:15 PDT"]
[Termination "PaulfromSPb won by resignation"]

1. e4 c6 2. d4 d5 3. Nd2 dxe4 4. Nxe4 Bf5 5. Ng3 Bg6 6. h4 h6 7.
h5 Bh7 8. Nf3 Nd7 9. Bd3 Bxd3 10. Qxd3 e6 11. c3 Ngf6 12. Bd2 c5 13. O-O cxd4 14.
Nxd4 Be7 15. Rae1 Qa5 16. b4 Qxa2 17. Ngf5 exf5 18. Nxf5 O-O 19. Bxh6 Bd8 20. Bxg7 Qd5 21. Qg3 Bc7 22. Ne7+ Kh7 23. Nxd5 Bxg3 24. Nxf6+ Nxf6 25. Bxf6 Bc7 26. g4 Bb6 27. Kg2 a5 28. bxa5 Bxa5 29.
Rb1 b6 30. Rb5 Rab8 31. Rg5 Rg8 32. Rxg8 Kxg8 33. Kf3 Rc8 34. Rc1 Rc4 35. Kg3 b5 36.
Ra1 Bc7+ 37. Kh3 Rc6 38. Ra8+ 1-0

[Event "*** Titled Tuesday Blitz"]
[Site "Chess.com"]
[Date "2021.03.16"]
[Round "1"]
[White "DamianoLew95"]
[Black "rpragchess"]
[Result "0-1"]
[WhiteElo "2474"]
[BlackElo "2914"]
[TimeControl "180+1"]
[EndTime "10:06:17 PDT"]
[Termination "rpragchess won by resignation"]

1. d4 Nf6 2. Nf3 d5 3. Bf4 c5 4. c3 Nc6 5. e3 Qb6 6. Qb3 c4 7. Qc2 Bf5 8. Qc1 h6 9. h3 e6 10. Nbd2 Be7 11. Be2 O-O 12. O-O Rfc8 13. Ne5 Qd8 14.
Nxc6 Rxc6 15. Bh2 b5 16. a3 a5 17. f3 b4 18. a4 Bd3 19. Re1 Qb6 20. Bf1 Rac8 21.
e4 dxe4 22. fxe4 Nd7 23. Kh1 Bg5 24. Bg3 e5 25. d5 Rg6 26. Kh2 Nc5 27. cxb4 Nb3 28.
Nxb3 Bxc1 29. Nxc1 Bxf1 30. Rxf1 Rxg3 31. Kxg3 Qxb4 32. Rf2 c3 33. bxc3 Qxc3+ 0-1

[Event "*** Titled Tuesday Blitz"]
[Site "Chess.com"]
[Date "2021.03.16"]
[Round "1"]
[White "FMJoseHerrera"]
[Black "SimplyDevina"]
[Result "1-0"]
[WhiteElo "2549"]
[BlackElo "2208"]
[TimeControl "180+1"]
[EndTime "10:06:17 PDT"]
[Termination "FMJoseHerrera won by resignation"]

1. Nf3 d5 2. g3 Nf6 3. Bg2 c5 4. O-O Nc6 5. c4 e6 6. cxd5 exd5 7. d4 Be7 8. Nc3 O-O 9. Bg5 Be6 10. Qa4 c4 11. Rad1 a6 12. Qc2 b5 13. Bxf6 Bxf6 14. e4 b4 15. exd5 bxc3 16. dxe6 cxb2 17. Qxc4 Na5 18.
Qc2 Rb8 19. exf7+ Kh8 20. Ne5 Bxe5 21. dxe5 Qe7 22. Qa4 Qxe5 23. Rfe1 Qxe1+ 24. Rxe1 b1=Q 25. Rxb1 Rxb1+ 26. Bf1 Nb7 27. Qe4 Nd6 28. Qxb1 1-0

[Event "*** Titled Tuesday Blitz"]
[Site "Chess.com"]
[Date "2021.03.16"]
[Round "1"]
[White "mjray79"]
[Black "dretch"]
[Result "0-1"]
[WhiteElo "2453"]
[BlackElo "2852"]
[TimeControl "180+1"]
[EndTime "10:06:18 PDT"]
[Termination "dretch won by resignation"]

1. d4 d5 2. c4 c6 3. Nf3 Nf6 4. Nc3 dxc4 5. a4 Bf5 6. Ne5 Nbd7 7. Nxc4 Nb6 8. Ne5 a5 9. f3 Nfd7 10. Nxd7 Nxd7 11. e4 Bg6 12. Be3 e6 13. Be2 Bb4 14. O-O O-O 15. Rc1 Qe7 16. Qb3 Rfb8 17. Rfd1 Kh8 18.
Bf2 f6 19. Bc4 Bf7 20. d5 exd5 21. exd5 Ne5 22. Re1 Bc5 23. Ne4 Bxf2+ 24. Nxf2 b5 25. axb5 cxb5 26. Bxb5 Qb7 27. f4 Bxd5 28. Qa4 Ng6 29.
g3 Nf8 30. Bd3 Qxb2 31. Rb1 Qc3 32. Rec1 Rxb1 33. Rxb1 Bc6 34. Qa2 a4 35. Bc4 Qf3 36. Kf1 Re8 37. Be2 Qg2+ 38. Ke1 Qg1+ 39. Kd2 Qxf2 0-1

[Event "*** Titled Tuesday Blitz"]
[Site "Chess.com"]
[Date "2021.03.16"]
[Round "1"]
[White "MuhittinBuker"]
[Black "GameOverBro"]
[Result "0-1"]
[WhiteElo "2181"]
[BlackElo "2526"]
[TimeControl "180+1"]
[EndTime "10:06:19 PDT"]
[Termination "GameOverBro won on time"]

1. d4 d6 2. c4 Nf6 3. Nc3 Nbd7 4. e4 e5 5. Nf3 Be7 6. Be2 O-O 7. O-O c6 8. h3 a5 9. Be3 a4 10. a3 Qa5 11. dxe5 dxe5 12. Qc2 Nc5 13. Rfe1 Nb3 14. Rad1 Re8 15. g4 Bc5 16. Bg5 Nd7 17. Rd3 f6 18. Be3 Bxe3 19. Rxe3 Ndc5 20. Bd1 Be6 21. Na2 Rad8 22. R3e2 Nd4 23. Nxd4 Rxd4 24. Nb4 Red8 25. Qc1 Bxc4 26. Rc2 Nb3 27. Qb1 Nd2 28. Qc1 Bb3 29. Rxd2 Rxd2 30. Bxb3+ axb3 31. Qc4+ Kh8 32. Qxb3 Qc5 33. Rf1 Qd4 34. Qf7 Qxe4 0-1

[Event "*** Titled Tuesday Blitz"]
[Site "Chess.com"]
[Date "2021.03.16"]
[Round "1"]
[White "IngOscarArdila"]
[Black "FILI86"]
[Result "1-0"]
[WhiteElo "2268"]
[BlackElo "2569"]
[TimeControl "180+1"]
[EndTime "10:06:20 PDT"]
[Termination "IngOscarArdila won by resignation"]

1. d4 Nf6 2. c4 c5 3. d5 b5 4. cxb5 a6 5. bxa6 g6 6. Nc3 Bxa6 7. e4 Bxf1 8. Kxf1 d6 9. Nf3 Bg7 10.
g3 O-O 11. Kg2 Nbd7 12. Re1 Qb6 13. Qc2 Rfb8 14. a4 Ne8 15. Nb5 Nc7 16. Nxc7 Qxc7 17. Ra3 c4 18. Ra2 Qc5 19. Bg5 Kf8 20. Rc1 Rc8 21.
Be3 Qb4 22. Bd4 Nb6 23. Bc3 Bxc3 24. bxc3 Qc5 25. Nd4 Nd7 26. f4 Kg7 27. Rb1 Nf6 28. Rb5 Qc7 29. a5 Rcb8 30. a6 Rxb5 31. Nxb5 Qc5 32. Nd4 h5 33. h3 h4 34. g4 Qc8 35.
Kf3 Rxa6 36. Ra4 Qb7 37. Qa2 Rxa4 38. Qxa4 Qb2 39. Qxc4 Qh2 40. Qf1 Qxh3+ 41. Qxh3 1-0

[Event "*** Titled Tuesday Blitz"]
[Site "Chess.com"]
[Date "2021.03.16"]
[Round "1"]
[White "AlexPapasimakopoulos"]
[Black "VladimirBugayev"]
[Result "1-0"]
[WhiteElo "2604"]
[BlackElo "2264"]
[TimeControl "180+1"]
[EndTime "10:06:21 PDT"]
[Termination "AlexPapasimakopoulos won on time"]

1. d4 Nf6 2. c4 c5 3. d5 b5 4. Nf3 d6 5. cxb5 a6 6. e3 axb5 7.
Bxb5+ Bd7 8. Bc4 g6 9. O-O Bg7 10. Nc3 O-O 11. Re1 Bg4 12. h3 Bxf3 13. Qxf3 Nbd7 14.
Bb5 Qa5 15. Qe2 Rfb8 16. a4 Nb6 17. e4 Nfd7 18. Bd2 Qb4 19. Reb1 c4 20. Bc6 Ra7 21. Nb5 c3 22. bxc3 Qa5 23. Nxa7 Qxa7 24. a5 Nc8 25.
Bxd7 1-0

[Event "*** Titled Tuesday Blitz"]
[Site "Chess.com"]
[Date "2021.03.16"]
[Round "1"]
[White "Ural_bogatyr"]
[Black "Trovita84"]
[Result "1-0"]
[WhiteElo "2505"]
[BlackElo "2079"]
[TimeControl "180+1"]
[EndTime "10:06:21 PDT"]
[Termination "Ural_bogatyr won on time"]

1. e4 c6 2. d4 d5 3. e5 Bf5 4. Ne2 e6 5. Ng3 Bg6 6. h4 h5 7. Be2 Nd7 8. Nxh5 Bxh5 9. Bxh5 g6 10. Bf3 Rxh4 11. Rxh4 Qxh4 12. g3 Qh2 13. Kf1 Ne7 14.
Nc3 Nf5 15. Ne2 Be7 16. c3 O-O-O 17. Bf4 Rh8 18. Qd2 Rg8 19. Bg5 Bxg5 20. Qxg5 c5 21. Rc1 Kb8 22. b4 cxb4 23. cxb4 Nb6 24. Qf6 Qh7 25.
g4 Nh4 26. Bh1 g5 27. Qe7 Qd3 28. Qxf7 1-0